 Dungeon Crawl Stone Soup version 0.29.1-12-g30fa7ad0bf (webtiles) character file.

Game seed: 12009610594288872944

112 funkygono the Firebug (level 4, -2/30 HPs)
             Began as a Demonspawn Fire Elementalist on Jan 2, 2023.
             Slain by an orc
             ... wielding a +0 dagger
              (3 damage)
             ... on level 2 of the Dungeon.
             The game lasted 00:03:01 (2685 turns).

funkygono the Firebug (DsFE)                        Turns: 2685, Time: 00:03:01

Health: -2/30      AC:  2    Str:  8    XL:     4   Next: 63%
Magic:  1/8        EV: 12    Int: 18    God:
Gold:   69         SH:  0    Dex: 14    Spells: 5/8 levels left

rFire   . . .      SeeInvis .   d - +0 whip
rCold   . . .      Faith    .   (no shield)
rNeg    . . .      Spirit   .   a - +0 robe
rPois   .          Reflect  .   (no helmet)
rElec   .          Harm     .   (no cloak)
rCorr   .          Rampage  .   (no gloves)
Will    .....                   (no boots)
Stlth   ++........              (no amulet)
HPRegen 0.10/turn               (no ring)
MPRegen 0.11/turn               (no ring)

@: very slightly contaminated
A: weakness stinger 1
a: no special abilities


You were on level 2 of the Dungeon.
You visited 1 branch of the dungeon, and saw 3 of its levels.

You collected 69 gold pieces.

Inventory:

Hand Weapons
 d - a +0 whip (weapon)
 r - a +0 great sword
Armour
 a - a +0 robe (worn)
 j - a +0 leather armour
 o - a +0 ring mail
Jewellery
 q - an amulet of guardian spirit
Scrolls
 f - 2 scrolls of poison {unknown}
 h - a scroll of teleportation {unknown}
 k - 2 scrolls of enchant armour {unknown}
 l - 2 scrolls of blinking {unknown}
 m - a scroll of enchant weapon {unknown}
 s - a scroll of fear {unknown}
Potions
 b - a potion of magic
 c - 2 potions of berserk rage {unknown}
 e - 2 potions of ambrosia {unknown}
 g - 4 potions of haste {unknown}
 i - a potion of curing {unknown}
 n - 3 potions of invisibility {unknown}
 p - a potion of brilliance {unknown}


   Skills:
 + Level 1.1 Maces & Flails
 + Level 2.0 Dodging
 - Level 1.7 Stealth
 + Level 2.8 Spellcasting
 + Level 2.0 Conjurations
 + Level 3.8 Fire Magic


You had 5 spell levels left.
You knew the following spells:

 Your Spells              Type           Power      Damage    Failure   Level
a - Foxfire               Conj/Fire      52%        2x1d6     4%          1
b - Scorch                Fire           32%        2d6       5%          2

Your spell library contained the following spells:

 Spells                   Type           Power      Damage    Failure   Level
 Magic Dart               Conj           36%        1d4       7%          1
 Searing Ray              Conj           18%        2d5       11%         2
 Conjure Flame            Conj/Fire      13%        6-21      16%         3
 Necrotise                Necr           8%         1d4       17%         1
 Inner Flame              Hex/Fire       9%         N/A       22%         3
 Sublimation of Blood     Necr           2%         N/A       26%         2
 Wereblood                Tmut           2%         N/A       26%         2
 Flame Wave               Conj/Fire      13%        2d6       45%         4
 Fulminant Prism          Conj/Hex       3%         3d6       73%         4
 Summon Hydra             Summ           1%         N/A       100%        7


Dungeon Overview and Level Annotations

Branches:
Dungeon (3/15)

Altars:
Sif Muna
Trog


Innate Abilities, Weirdness & Mutations

You have a small tail.


Message History

The orc is heavily wounded.
The orc hits you with a +0 dagger.
* * * LOW HITPOINT WARNING * * *
You hit the orc but do no damage.
The orc is heavily wounded.
The orc hits you with a +0 dagger.
* * * LOW HITPOINT WARNING * * *
You hit the orc but do no damage.
The orc is heavily wounded.
The orc barely misses you.
You hit the orc but do no damage.
You tail-slap the orc, but do no damage.
The orc is heavily wounded.
The orc hits you with a +0 dagger.
* * * LOW HITPOINT WARNING * * *
You hit the orc.
The orc is almost dead.
The orc hits you with a +0 dagger.
* * * LOW HITPOINT WARNING * * *
The orc hits you with a +0 dagger.
* * * LOW HITPOINT WARNING * * *
Casting: Foxfire (safe; 4% risk of failure)
Confirm with . or Enter, or press ? or * to list all spells.
You miscast Foxfire.
You are very lightly contaminated with residual magic.
Nothing appears to happen.
The orc closely misses you.
Unknown command.
Casting: Foxfire (safe; 4% risk of failure)
Confirm with . or Enter, or press ? or * to list all spells.
You don't have enough magic to cast this spell.
Unknown command.
You barely miss the orc.
The orc is almost dead.
The orc hits you with a +0 dagger.
* * * LOW HITPOINT WARNING * * *
You barely miss the orc.
You tail-slap the orc, but do no damage.
The orc is almost dead.
The orc hits you with a +0 dagger.
You die...

...............................>)
.......#..#.###################.#
...##.......# #######..
...##.##.).####### #..†.....
...##.##.........# ######.#####..
#.###.###..#####.# #......# #.#
...............#.###......# #..
#.###.##.......#o.........# #.#
#.#.............@##.###...# #.#
#.#....#....#.##.##.#####.# #.#
.##.#..##.###.....<.##....# #.#
.......##.# ####....##.#### #.#
.##.##....#### ####.##'########.#
....#..#..##<# #.............#
....#.....##.# ###...........#
.....#.#..##.# #...........#
##...#)......## #...........#


You could see an orc.

Vanquished Creatures
  A gnoll (D:3)
  5 adders (D:2)
  A white imp (D:3)
  A dart slug (D:2)
  An orc (D:2)
  5 ball pythons
  5 bats
  6 endoplasms
  3 hobgoblins
  7 jackals (D:2)
  A kobold (D:2)
  3 quokkas
  A frilled lizard (D:3)
  3 goblins (D:2)
  2 rats
45 creatures vanquished.

Vanquished Creatures (others)
  140 foxfires
140 creatures vanquished.

Grand Total: 185 creatures vanquished

Notes
Turn   | Place    | Note
-------+----------+-------------------------------------------
     0 | D:1      | funkygono the Demonspawn Fire Elementalist began the quest
                  | for the Orb.
     0 | D:1      | Reached XP level 1. HP: 13/13 MP: 3/3
   962 | D:2      | Found a faded altar of an unknown god.
   967 | D:2      | Gained mutation: You have a small tail. [demonic ancestry]
   967 | D:2      | Reached XP level 2. HP: 17/19 MP: 0/5
  1029 | D:2      | Reached skill level 3 in Fire Magic
  1308 | D:2      | Reached XP level 3. HP: 24/24 MP: 0/6
  1382 | D:2      | Learned a level 2 spell: Scorch
  1927 | D:2      | Reached XP level 4. HP: 30/30 MP: 3/8
  2582 | D:3      | Found a shimmering blue altar of Sif Muna.
  2608 | D:3      | Got Sif Muna's Parchment of Misery
  2613 | D:3      | Found a bloodstained altar of Trog.
  2620 | D:3      | Reached skill level 1 in Maces & Flails
  2684 | D:2      | HP: 1/30 [orc/+0 dagger (2)]
  2685 | D:2      | Slain by an orc

Illustrated notes

Levels and vault maps discovered:
D:1:      ebering_trefoil_3fold, layout_loops_corners, minmay_misc_feat_doors
D:2:      layout_basic, basic_ecumenical_altar
D:3:      layout_basic, lemuel_coloured_pillars_altar,
          nzn_overflow_gifts_of_might_and_magic, chequers_serial_rivers_room_a,
          minmay_vboxes

Skill      XL: |  1  2  3  4 |
---------------+-------------+-----
Fire Magic     | 3 |  3.8
Dodging        | 2 |  2.0
Conjurations   | 2 |  2.0
Maces & Flails | 1 |  1.1
Stealth        | |  1.7
Spellcasting   | |  2.8

Action                   |  1- 3 |  4- 6 || total
-------------------------+-------+-------++-------
Melee: Whip              |    10 |    14 ||    24
       Tailslap          |       |     3 ||     3
 Cast: Foxfire           |    53 |    32 ||    85
       Scorch            |     2 |     7 ||     9
Armor: Robe              |     3 |     7 ||    10
Dodge: Dodged            |    17 |    22 ||    39
